 Dungeon Crawl Stone Soup version 0.22-a0-136-g83a10e5 (webtiles) character file.

138054 Klosterheim the Severer (level 16, 0/129 HPs)
             Began as a Demonspawn Monk on Feb 4, 2018.
             Was an Elder of Qazlal.
             Killed from afar by a salamander mystic (14 damage)
             ... with an orb of energy
             ... on level 3 of the Snake Pit.
             The game lasted 01:58:08 (36768 turns).

Klosterheim the Severer (Demonspawn Monk)          Turns: 36768, Time: 01:58:08

Health: 0/129      AC: 22    Str: 17    XL:     16   Next: 70%
Magic:  28/28      EV: 18    Int: 15    God:    Qazlal [****..]
Gold:   2605       SH:  5    Dex: 16    Spells: 13/15 levels left

rFire    + . .     SeeInvis .   T - +1 battleaxe
rCold    + . .     Gourm    .   (shield currently unavailable)
rNeg     + . .     Faith    .   D - +5 ring mail "Erus" {rElec Int+2 Stlth+}
rPois    +         Spirit   .   (helmet unavailable)
rElec    +         Reflect  .   e - +1 cloak
rCorr    .         Harm     .   M - +0 pair of gloves
MR       +....                  r - +2 pair of boots {Fly}
Stlth    +.........             i - amulet of regeneration
HPRegen  0.71/turn              B - ring of protection from cold
MPRegen  0.21/turn              N - ring of poison resistance

@: flying, repel missiles
A: horns 3, icy blue scales 2, fire resistance 1, negative energy resistance 1,
50% torment resistance, flame cloud immunity
a: Upheaval, Elemental Force, Renounce Religion, Stop Flying


You were on level 3 of the Snake Pit.
You worshipped Qazlal.
Qazlal was greatly pleased with you.
You were not hungry.

You visited 7 branches of the dungeon, and saw 29 of its levels.
You also visited: Labyrinth and Volcano.

You collected 3411 gold pieces.
You spent 806 gold pieces at shops.

Inventory:

Hand Weapons
 w - a +0 battleaxe
 z - the +0 war axe of Sequestration {chaos, MR+ Int+4}
   (You found it on level 3 of the Lair of Beasts)

   Each time it hits an enemy it has a different, random effect.
   It affects your intelligence (+4).
   It affects your resistance to hostile enchantments.
 T - a +1 battleaxe (weapon)
Armour
 e - a +1 cloak (worn)
 r - a +2 pair of boots of flying (worn)
 D - the +5 ring mail "Erus" (worn) {rElec Int+2 Stlth+}
   (You found it on level 6 of the Lair of Beasts)

   It affects your intelligence (+2).
   It insulates you from electricity.
   It makes you more stealthy.
 M - a +0 pair of gloves (worn)
Jewellery
 i - an amulet of regeneration (around neck)
 l - an uncursed ring of see invisible
 n - an uncursed ring of protection from fire
 B - a ring of protection from cold (left hand)
 N - a ring of poison resistance (right hand)
Wands
 m - a wand of iceblast (21)
 o - a wand of polymorph (61)
 C - a wand of enslavement (44)
 G - a wand of acid (24)
 I - a wand of flame (12)
 J - a wand of disintegration (9)
 S - a wand of clouds (13)
Scrolls
 a - 9 scrolls of teleportation
 d - 13 scrolls of remove curse
 g - 3 scrolls of enchant weapon
 t - a scroll of fog
 u - 4 scrolls of identify
 y - 3 scrolls of enchant armour
 K - 5 scrolls of amnesia
 O - a scroll of summoning
 W - a scroll of blinking
Potions
 b - 2 potions of magic
 f - 5 potions of mutation
 h - 5 potions of lignification
 j - 6 potions of ambrosia
 k - 8 potions of curing
 p - a potion of resistance
 q - 5 potions of flight
 H - 6 potions of might
 L - 4 potions of brilliance
 U - a potion of haste
Books
 v - the Grimoire of Torrid Confrontation
   (You found it on level 10 of the Dungeon)

   Spells                             Type                      Level
   a - Fulminant Prism                Conjuration/Hexes            4
   b - Bolt of Draining               Conjuration/Necromancy       5
   c - Bolt of Magma                  Conjuration/Fire/Earth       5
   d - Freezing Cloud                 Conjuration/Ice/Air          6
 x - a book of Ice

   Spells                             Type                      Level
   a - Ice Form                       Ice/Transmutation            4
   b - Metabolic Englaciation         Hexes/Ice                    5
   c - Ozocubu's Refrigeration        Ice                          6
   d - Bolt of Cold                   Conjuration/Ice              6
   e - Freezing Cloud                 Conjuration/Ice/Air          6
   f - Simulacrum                     Ice/Necromancy               6
 E - a book of Maledictions

   Spells                             Type                      Level
   a - Corona                         Hexes                        1
   b - Ensorcelled Hibernation        Hexes/Ice                    2
   c - Confuse                        Hexes                        3
   d - Tukima's Dance                 Hexes                        3
   e - Dazzling Spray                 Conjuration/Hexes            3
 F - a book of Debilitation

   Spells                             Type                      Level
   a - Corona                         Hexes                        1
   b - Slow                           Hexes                        2
   c - Inner Flame                    Hexes/Fire                   3
   d - Portal Projectile              Hexes/Translocation          3
   e - Cause Fear                     Hexes                        4
   f - Leda's Liquefaction            Hexes/Earth                  4
 P - a book of Transfigurations

   Spells                             Type                      Level
   a - Irradiate                      Conjuration/Transmutation    5
   b - Statue Form                    Transmutation/Earth          6
   c - Hydra Form                     Transmutation                6
   d - Dragon Form                    Transmutation                7
 Q - a book of Burglary

   Spells                             Type                      Level
   a - Swiftness                      Charms/Air                   2
   b - Passwall                       Transmutation/Earth          2
   c - Passage of Golubria            Translocation                4
   d - Lee's Rapid Deconstruction     Earth                        5
   e - Darkness                       Hexes                        6
   f - Invisibility                   Hexes                        6
 R - a book of Battle

   Spells                             Type                      Level
   a - Infusion                       Charms                       1
   b - Shroud of Golubria             Charms/Translocation         2
   c - Song of Slaying                Charms                       2
   d - Spectral Weapon                Hexes/Charms                 3
   e - Regeneration                   Charms/Necromancy            3
 V - a book of Callings

   Spells                             Type                      Level
   a - Summon Small Mammal            Summoning                    1
   b - Call Imp                       Summoning                    2
   c - Call Canine Familiar           Summoning                    3
   d - Summon Guardian Golem          Hexes/Summoning              3
   e - Summon Lightning Spire         Summoning/Air                4
   f - Summon Ice Beast               Ice/Summoning                4
Miscellaneous
 A - a fan of gales
 X - a crystal ball of energy
Comestibles
 c - 33 rations


   Skills:
 + Level 12.5 Fighting
 * Level 17.8 Axes
 + Level 9.5 Armour
 - Level 10.0 Dodging
 - Level 1.7 Stealth
 - Level 2.0 Charms
 * Level 16.6 Invocations


You had 13 spell levels left.
You knew the following spells:

 Your Spells              Type           Power        Failure   Level  Hunger
a - Song of Slaying       Chrm           #.......     28%         2    ###....


Dungeon Overview and Level Annotations

Branches:
Dungeon (15/15)            Temple (1/1) D:6            Lair (6/6) D:9
 Shoals (0/4) Lair:3        Snake (3/4) Lair:2        Slime (1/5) Lair:5
    Orc (2/2) D:11            Elf (0/3) Orc:2        Vaults (0/5) D:13
 Depths (1/5) D:15

Altars:
Ashenzari
Dithmenos
Elyvilon
Fedhas
Gozag
Hepliaklqana
Kikubaaqudgha
Makhleb
Nemelex Xobeh
Okawaru
Qazlal
Ru
Sif Muna
Trog
Uskayaw
Vehumet
Wu Jian
Xom
Yredelemnul
Zin
The Shining One
Jiyva

Shops:
D:13 !!::   Orc:2 :**

Annotations:
D:11 2 transporters
Depths:1 Aizul


Innate Abilities, Weirdness & Mutations

You have a pair of large horns on your head.
You are mostly covered in icy blue scales. (AC +3)
Your flesh is heat resistant. (rF+)
You resist negative energy. (rN+)
You are somewhat able to resist unholy torments (1 in 2 success).
You are immune to clouds of flame.


Message History

You are engulfed in flames!
You resist.
* * * LOW HITPOINT WARNING * * *
You hit the salamander mystic.
The salamander mystic is severely wounded.
You slash the salamander!
The salamander hits you with an enchanted trident!
* * * LOW HITPOINT WARNING * * *
You are engulfed in flames.
You resist.
* * * LOW HITPOINT WARNING * * *
The salamander hits you but does no damage.
You hit the salamander mystic but do no damage.
You headbutt the salamander mystic!
The salamander mystic is almost dead.
You slash the salamander!
You kill the salamander!
Qazlal accepts your kill. The salamander completely misses you.
The salamander mystic casts a spell at you.
The orb of energy hits you!
You die...

........##################....##.
#........#################....##.
#...............##............##.
#...............##............##.
#...............##............##.
#####.......######....(.......##.
##.....######...(.(..##..)##.
##.....##..N.§§......##...###
..........<.§@..(.....##....##
...........§§.§§......##......
..............N§......##......
...................(..##......
......................##......
##############################


You could see a salamander mystic and a salamander.

Vanquished Creatures
  The ghost of KristoblXynda the Carver, an adept DrGl of Ashenzari (Snake:3)
  4 nagarajas
  Louise (Snake:3)
  A minotaur (Lab)
  Josephine (D:9)
  The ghost of sankara the Grappler, a journeyman DrTm of Hepliaklqana (D:11)
  10 hydras
  4 naga warriors
  A catoblepas (Lair:6)
  A catoblepas (shapeshifter) (D:15)
  8 vault guards
  An anaconda (shapeshifter) (D:15)
  3 anacondas
  2 centaur warriors
  3 two-headed ogres
  A death knight (D:14)
  An orc high priest (Orc:1)
  9 death yaks
  A tengu warrior (D:15)
  9 shock serpents
  3 naga sharpshooters
  A hell knight (Volcano)
  3 salamander mystics
  A naga ritualist (Snake:3)
  3 lindwurms (Lair:6)
  A phantasmal warrior (D:13)
  3 mana vipers
  An oklob plant (Lair:6)
  5 orc sorcerers
  2 deep elf magi
  14 ugly things
  A cyclops (D:15)
  6 manticores
  12 salamanders
  The ghost of Daviar the Transmogrifier, a novice OpTm (D:6)
  15 black mambas
  Maurice (D:13)
  11 naga magi
  21 elephants
  2 guardian serpents (Snake:2)
  2 centaur zombies
  Psyche (D:10)
  12 spiny frogs
  A gargoyle (D:11)
  2 torpor snails
  A rime drake (Lair:6)
  A spiny frog (shapeshifter) (D:13)
  3 freezing wraiths
  14 komodo dragons
  An efreet (D:15)
  10 trolls
  A polar bear (Lair:5)
  A tyrant leech (D:14)
  2 dream sheep (Lair:6)
  7 slime creatures
  8 hippogriffs
  18 blink frogs
  A centaur simulacrum (D:15)
  A spriggan (D:7)
  2 wyverns
  3 shadows
  A spriggan (shapeshifter) (D:14)
  5 wraiths
  41 yaks
  3 fire bats (Lair:6)
  4 basilisks
  A steam dragon (D:12)
  3 hungry ghosts
  Grum (D:10)
  5 wargs
  7 vampire mosquitoes
  23 nagas
  An acid dragon (D:12)
  20 water moccasins
  26 orc warriors
  16 porcupines
  5 sky beasts
  9 ice beasts
  A hornet zombie (D:12)
  An eye of draining (D:6)
  2 phantoms
  16 centaurs
  7 ogres
  21 wolves
  14 crocodiles
  21 bullfrogs
  A water moccasin zombie (D:8)
  A wyvern skeleton (D:14)
  5 scorpions
  17 killer bees
  3 electric eels
  4 howler monkeys
  8 crimson imps
  A lava snake (Lair:6)
  3 jellies
  2 bullfrog zombies
  34 orc priests
  43 orc wizards
  5 hounds
  3 gnoll shamans
  4 bullfrog skeletons
  8 iguanas
  Natasha (thrice) (D:3)
  11 worker ants
  6 ogre zombies (D:11)
  2 hound skeletons (D:9)
  13 gnolls
  19 adders
  6 shadow imps
  2 oozes
  An adder skeleton (D:4)
  An adder zombie (D:7)
  2 worms
  6 leopard geckos
  85 orcs
  2 ball pythons (D:3)
  10 giant cockroaches
  6 hobgoblins
  22 jackals
  4 quokkas
  13 bats
  4 frilled lizards
  8 goblins
  A goblin zombie (D:11)
  2 hobgoblin skeletons (D:11)
  2 hobgoblin zombies (D:11)
  3 kobolds
  2 orc skeletons (D:11)
  12 orc zombies (D:11)
  A quokka zombie (D:10)
  5 rats
  A butterfly (Lair:5)
  2 fungi
  A plant (Lair:6)
916 creatures vanquished.

Vanquished Creatures (collateral kills)
  An orc knight (D:11)
  3 elephants (Lair:6)
  A centaur zombie (D:15)
  A spiny frog (Lair:6)
  A komodo dragon (Lair:1)
  A blink frog (Lair:6)
  A yak (Lair:6)
  An acid dragon (D:15)
  A porcupine (Lair:4)
  An orc warrior (Orc:1)
  2 orcs (D:15)
14 creatures vanquished.

Vanquished Creatures (others)
  A bullfrog (D:11)
  An orc priest (Orc:2)
  2 bushes
  12 fungi
  39 plants
55 creatures vanquished.

Grand Total: 985 creatures vanquished

Notes
Turn   | Place    | Note
-------+----------+-------------------------------------------
     0 | D:1      | Klosterheim the Demonspawn Monk began the quest for the Orb.
     0 | D:1      | Reached XP level 1. HP: 18/18 MP: 1/1
   149 | D:1      | Reached skill level 3 in Axes
   219 | D:1      | Gained mutation: You have a pair of small horns on your head. [demonic ancestry]
   219 | D:1      | Reached XP level 2. HP: 24/24 MP: 2/2
   739 | D:1      | Gained mutation: You have a pair of horns on your head. [demonic ancestry]
   739 | D:1      | Reached XP level 3. HP: 22/29 MP: 3/3
  1183 | D:2      | Found a shadowy altar of Dithmenos.
  1183 | D:2      | Found a shimmering altar of Xom.
  1225 | D:3      | Noticed Natasha
  1233 | D:3      | Killed Natasha
  1233 | D:3      | Reached skill level 4 in Axes
  1233 | D:3      | Gained mutation: You are partially covered in icy blue scales. (AC +2) [demonic ancestry]
  1233 | D:3      | Reached XP level 4. HP: 30/37 MP: 4/4
  1454 | D:3      | Noticed Natasha
  1462 | D:3      | Killed Natasha
  1485 | D:3      | Noticed Natasha
  1491 | D:3      | Killed Natasha
  1557 | D:3      | Reached XP level 5. HP: 38/42 MP: 5/5
  1861 | D:3      | Noticed an ice beast
  1882 | D:3      | Killed an ice beast
  1882 | D:3      | Reached skill level 5 in Axes
  2010 | D:3      | Gained mutation: Your flesh is heat resistant. (rF+) [demonic ancestry]
  2010 | D:3      | Reached XP level 6. HP: 26/49 MP: 6/6
  3200 | D:4      | Got an encrusted leather armour
  3211 | D:4      | Identified the +1 leather armour of the Sparrow {rF+ rC++ rCorr Dex+2} (You found it on level 4 of the Dungeon)
  4031 | D:4      | Reached skill level 5 in Fighting
  4031 | D:4      | Reached skill level 6 in Axes
  4406 | D:4      | Reached XP level 7. HP: 42/56 MP: 7/7
  4759 | D:5      | Entered Level 5 of the Dungeon
  4977 | D:5      | Reached skill level 7 in Axes
  5224 | D:6      | Found an ornate altar of the Wu Jian Council.
  5226 | D:6      | Noticed Daviar's ghost (novice OpTm)
  5470 | D:6      | Reached XP level 8. HP: 64/64 MP: 8/8
  5589 | D:6      | Reached skill level 8 in Axes
  5684 | D:6      | Found a staircase to the Ecumenical Temple.
  5748 | Temple   | Entered the Ecumenical Temple
  5844 | Temple   | Became a worshipper of Qazlal Stormbringer
  5844 | Temple   | Reached * piety under Qazlal
  5844 | Temple   | Reached ** piety under Qazlal
  6056 | D:6      | Reached skill level 9 in Axes
  6191 | D:6      | Killed Daviar's ghost
  6191 | D:6      | Gained mutation: You are immune to clouds of flame. [demonic ancestry]
  6191 | D:6      | Reached XP level 9. HP: 70/73 MP: 9/9
  6251 | D:6      | Found an opulent altar of Gozag.
  6705 | D:7      | Found a sparkling altar of Nemelex Xobeh.
  6713 | D:7      | Found a hazy altar of Hepliaklqana.
  6764 | D:7      | Reached skill level 10 in Axes
  7080 | D:7      | Reached *** piety under Qazlal
  7136 | D:7      | Found a blossoming altar of Fedhas.
  7417 | D:7      | Reached skill level 11 in Axes
  8039 | D:8      | Gained mutation: You have a pair of large horns on your head. [demonic ancestry]
  8039 | D:8      | Reached XP level 10. HP: 72/82 MP: 10/10
  8314 | D:8      | Noticed a purple ugly thing
  8322 | D:8      | Killed a purple ugly thing
  8390 | D:8      | Found a shattered altar of Ashenzari.
  8872 | D:9      | Reached skill level 12 in Axes
  9288 | D:9      | Found a staircase to the Lair.
  9442 | D:9      | Noticed a two-headed ogre
  9452 | D:9      | Killed a two-headed ogre
  9452 | D:9      | Reached skill level 10 in Fighting
  9523 | D:9      | Found a stormy altar of Qazlal.
  9787 | D:10     | Entered Level 10 of the Dungeon
  9963 | D:10     | Noticed Josephine
  9965 | D:10     | Gained mutation: You are mostly covered in icy blue scales. (AC +3) [demonic ancestry]
  9965 | D:10     | Reached XP level 11. HP: 84/91 MP: 11/11
  9990 | D:9      | Killed Josephine
 10178 | D:10     | Reached skill level 13 in Axes
 10229 | D:10     | Noticed Psyche
 10244 | D:10     | Killed Psyche
 10254 | D:10     | Got a brightly glowing shield
 10301 | D:10     | Noticed Grum
 10601 | D:10     | Killed Grum
 10685 | D:10     | Reached skill level 1 in Invocations
 10840 | D:10     | Identified the Grimoire of Torrid Confrontation
 11192 | D:10     | Reached skill level 1 in Armour
 11292 | D:10     | Reached **** piety under Qazlal
 11549 | D:11     | Noticed sankara's ghost (journeyman DrTm)
 11572 | D:11     | Killed sankara's ghost
 11572 | D:11     | Reached skill level 5 in Invocations
 11823 | D:11     | Noticed a wolf spider
 11824 | D:11     | Noticed a centaur warrior
 11825 | D:11     | Found a transporter.
 11825 | D:11     | Noticed a crystal guardian
 11833 | D:11     | Noticed a deep troll earth mage
 11836 | D:11     | Found a transporter.
 12075 | D:11     | Found a staircase to the Orcish Mines.
 12513 | D:11     | Identified the +5 shield of Death Resistance {*Corrode Int+4 Slay+2} (You found it on level 10 of the Dungeon)
 12975 | Orc:1    | Entered Level 1 of the Orcish Mines
 13383 | Orc:1    | Noticed an orc sorcerer
 13386 | Orc:1    | Killed an orc sorcerer
 13649 | Orc:2    | Entered Level 2 of the Orcish Mines
 13830 | Orc:2    | Noticed an orc knight
 13840 | Orc:1    | Reached XP level 12. HP: 61/100 MP: 18/18
 14369 | Orc:2    | Noticed an orc high priest
 14512 | Orc:1    | Killed an orc high priest
 14623 | Orc:2    | Paralysed by an orc sorcerer for 4 turns
 14631 | Orc:1    | Reached skill level 10 in Invocations
 14945 | Orc:2    | Reached skill level 5 in Armour
 15445 | Orc:2    | Found Edwusof's Book Emporium.
 15445 | Orc:2    | Found Egussabu's General Store.
 15446 | Orc:2    | Found Toraam's Assorted Antiques.
 15449 | Orc:2    | Found Vemas's Assorted Antiques.
 15481 | Orc:2    | Found a staircase to the Elven Halls.
 16175 | Lair:1   | Entered Level 1 of the Lair of Beasts
 17358 | Lair:2   | Gained mutation: You resist negative energy. (rN+) [demonic ancestry]
 17358 | Lair:2   | Reached XP level 13. HP: 106/106 MP: 21/21
 18288 | Lair:2   | Found a staircase to the Snake Pit.
 18490 | Lair:3   | Found a shimmering altar of Xom.
 18505 | Lair:3   | Reached skill level 14 in Axes
 18557 | Lair:3   | Got a crystal war axe
 18577 | Lair:3   | Identified the cursed +0 war axe of Sequestration {chaos, MR+ Int+4} (You found it on level 3 of the Lair of Beasts)
 19340 | Lair:3   | Found a staircase to the Shoals.
 19651 | Lair:3   | Reached skill level 5 in Dodging
 22048 | Lair:5   | Found a viscous altar of Jiyva.
 22048 | Lair:5   | Found a staircase to the Slime Pits.
 22082 | Lair:5   | Reached XP level 14. HP: 94/115 MP: 24/24
 22941 | Lair:6   | Entered Level 6 of the Lair of Beasts
 23147 | Lair:6   | Reached skill level 15 in Axes
 23433 | Lair:6   | Found a dark tunnel.
 23442 | Volcano  | Entered a volcano
 23532 | Volcano  | HP: 2/115 [salamander/spear (5)]
 23812 | Volcano  | Found a radiant altar of Vehumet.
 25350 | Lair:5   | Reached skill level 16 in Axes
 25388 | Slime:1  | Entered Level 1 of the Pits of Slime
 25560 | Lair:6   | Got a fine ring mail
 25562 | Lair:6   | Identified the +5 ring mail "Erus" {rElec Int+2 Stlth+} (You found it on level 6 of the Lair of Beasts)
 26635 | D:12     | Reached XP level 15. HP: 120/120 MP: 25/25
 27036 | D:13     | Reached ***** piety under Qazlal
 27282 | D:13     | Noticed Maurice
 27299 | D:13     | Killed Maurice
 27450 | D:13     | Found Lies's Book Shop.
 27536 | D:13     | Found Avazuaw's Book Shop.
 27547 | D:13     | Bought a book of Battle for 520 gold pieces
 27550 | D:13     | Learned a level 2 spell: Song of Slaying
 27706 | D:13     | Found Heh Weurio's Distillery.
 27711 | D:13     | Bought a potion of might for 52 gold pieces
 27711 | D:13     | Bought a potion of lignification for 39 gold pieces
 27803 | D:13     | Found Heumilukk's Distillery.
 27811 | D:13     | Bought a potion of ambrosia for 120 gold pieces
 27811 | D:13     | Bought a potion of heal wounds for 75 gold pieces
 27869 | D:13     | Found a gate to the Vaults.
 28261 | D:14     | Reached skill level 1 in Charms
 29037 | D:15     | Entered Level 15 of the Dungeon
 29099 | D:15     | Found a labyrinth entrance.
 29110 | Lab      | Entered a labyrinth
 29732 | D:15     | Reached skill level 15 in Invocations
 30053 | D:15     | Reached skill level 17 in Axes
 30139 | D:15     | Noticed a titan
 30140 | D:15     | Noticed an iron giant
 30140 | D:15     | a titan changed into an iron giant
 30145 | D:15     | Noticed a frost giant
 30145 | D:15     | an iron giant changed into a frost giant
 30155 | D:15     | a frost giant changed into an iron troll
 30308 | D:15     | Found a staircase to the Depths.
 30682 | D:15     | Found a stormy altar of Qazlal.
 30987 | D:15     | Found a sparkling altar of Nemelex Xobeh.
 31295 | Depths:1 | Entered Level 1 of the Depths
 31295 | Depths:1 | Noticed Aizul
 31504 | Snake:1  | Entered Level 1 of the Snake Pit
 31916 | Snake:1  | Gained mutation: You are somewhat able to resist unholy torments (1 in 2 success). [demonic ancestry]
 31916 | Snake:1  | Reached XP level 16. HP: 94/127 MP: 27/27
 34661 | Snake:2  | Found a deep blue altar of Sif Muna.
 35898 | Snake:3  | Noticed KristoblXynda's ghost (adept DrGl)
 36068 | Snake:3  | Noticed Louise
 36099 | Snake:3  | Killed Louise
 36099 | Snake:3  | Reached skill level 10 in Dodging
 36120 | Snake:3  | Killed KristoblXynda's ghost
 36768 | Snake:3  | Killed from afar by a salamander mystic

Vault maps used:
D:1:      grunt_arrival_crossed_arrows, minivault_24
D:2:      wad_lake_hut, nicolae_overflow_hidden_temple, serial_curves,
          eino_curves_01, eino_curves_01, eino_curves_01, eino_curves_01,
          fedhas_altar_1
D:3:      first_ration, grunt_ministairs_8, uniq_natasha
D:6:      lemuel_crystal_altar, overflow_temple_1_default,
          minmay_temple_entry_fiery, uniq_blork_the_orc
D:7:      nemelex_xobeh_ov_fountains_minmay, kennysheep_mini_moat,
          lemuel_crystal_altar, the_bakery, kennysheep_generic_room_12
D:8:      kennysheep_little_box
D:9:      erik_lair_orcish_takeover, basic_altar
D:10:     uniq_psyche, uniq_josephine, uniq_grum
D:11:     gammafunk_sealed_arena, zombieorc1_lemuel, minmay_misc_feat_rows
D:13:     erik_vaults_2, serial_shops, nicolae_shop_statue_plus, shop, shop,
          shop, item_on_display_a, uniq_maurice
D:14:     serial_bayou_lagoon_a
D:15:     hangedman_depths_entry_try_elsewhere_first, lab_entry_generic,
          basic_altar, corexii_corridor_pit, nemelex_diamond_rough_becter
Temple:   eino_narrow_crystal_temple
Lair:1:   small_statue_intersection, beast_lair_carwin_10,
          infiniplex_staircase_pool, grunt_megastairs_3
Lair:2:   dummy_snake_entry, nicolae_quartered_pool_super
Lair:3:   elwin_shoals_entry_rocks, basic_altar, grunt_megastairs_5
Lair:4:   cheibrodos_lair_overgrown_chateau
Lair:5:   slime_altar_1, lemuel_fruit_fields
Lair:6:   hangedman_lair_in_review, nicolae_volcano_entry_vermiform,
          minmay_lair_oklob_items, st_stairs_6
Snake:2:  basic_altar
Snake:3:  uniq_louise
Slime:1:  nicolae_slime_phagocytosis
Orc:1:    nicolae_orc_damp_corner
Orc:2:    st_orc_mages
Depths:1: serial_sigils, serial_sigils_hangedman_stare,
          serial_sigils_hangedman_confine, serial_sigils_hangedman_gut,
          serial_sigils_hangedman_gnaw, serial_sigils_hangedman_writhe,
          serial_sigils_hangedman_snap, serial_shops, shop,
          rand_demon_pan_entry_4, hell_entry, kennysheep_windowed_goal,
          uniq_aizul, uniq_sojobo, uniq_bai_suzhen
Lab:      labyrinth_mini_lab
Volcano:  kennysheep_volcano_temple

Skill      XL: |  1  2  3  4  5  6  7  8  9 10 11 12 13 14 15 16 |
---------------+-------------------------------------------------+-----
Axes           | 3 4 5 6 7 9 11 12 13 14 16 17 | 17.8
Fighting       | 4 5 6 7 8 10 11 12 | 12.5
Invocations    | 8 11 13 14 15 16 | 16.6
Armour         | 4 5 7 8 9 |  9.5
Dodging        | 3 5 8 9 10 | 10.0
Charms         | 2 |  2.0
Stealth        | |  1.7

Action                   |  1- 3 |  4- 6 |  7- 9 | 10-12 | 13-15 | 16-18 || total
-------------------------+-------+-------+-------+-------+-------+-------++-------
Melee: Hand axe          |   129 |   196 |   301 |   562 |       |       ||  1188
       Headbutt          |    22 |    30 |    51 |   179 |   317 |   107 ||   706
       Battleaxe         |       |       |       |   202 |  1393 |   244 ||  1839
       War axe           |       |       |       |    44 |       |   227 ||   271
 Cast: Song of Slaying   |       |       |       |       |     7 |     1 ||     8
Invok: Upheaval          |       |       |       |    12 |    20 |     3 ||    35
       Elemental Force   |       |       |       |     4 |     4 |       ||     8
       Disaster Area     |       |       |       |       |     1 |     1 ||     2
Evoke: Wand              |       |       |       |       |    39 |       ||    39
       Fan of gales      |       |       |       |       |     1 |       ||     1
  Use: Scroll            |       |     8 |       |    12 |    13 |     6 ||    39
       Potion            |       |     2 |       |     3 |     3 |     8 ||    16
 Stab: Sleeping          |     2 |     5 |       |       |       |       ||     7
       Fleeing           |       |       |       |       |     1 |       ||     1
       Distracted        |       |       |       |       |     1 |       ||     1
       Paralysed         |       |       |       |       |       |     4 ||     4
       Confused          |       |       |       |       |       |     1 ||     1
  Eat: Chunk             |     1 |     7 |    12 |    22 |    37 |     5 ||    84
       Ration            |       |     1 |       |     3 |     5 |     3 ||    12
Armor: Robe              |     2 |       |       |       |       |       ||     2
       Leather armour    |    45 |    76 |    94 |   128 |       |       ||   343
       Scale mail        |       |       |       |   161 |   373 |       ||   534
       Ring mail         |       |       |       |       |   279 |   151 ||   430
       Skin              |       |       |       |       |     4 |       ||     4
Dodge: Dodged            |   100 |   145 |   152 |   420 |   871 |   273 ||  1961
       Deflected         |       |       |       |     8 |    31 |    35 ||    74
Block: Other             |       |       |    16 |   151 |   408 |   101 ||   676

Table legend:
 A = Spawn XP
 B = Non-spawn XP
 C = Spawn XP percentage of total XP
 D = Spawn monster count
 E = Non-spawn monster count
 F = Spawn count percentage of total count
 G = Total turns spent on level
                    A         B        C        D         E        F      G
               +---------+---------+-------+---------+---------+-------+---------
         Total |       0 |  197220 |   0.0 |       0 |     927 |   0.0 | 36768
               +---------+---------+-------+---------+---------+-------+---------
           D:1 |       0 |      57 |   0.0 |       0 |      30 |   0.0 |   850
           D:2 |       0 |      19 |   0.0 |       0 |       9 |   0.0 |   348
           D:3 |       0 |     499 |   0.0 |       0 |      38 |   0.0 |  2802
           D:4 |       0 |     249 |   0.0 |       0 |      15 |   0.0 |   801
           D:5 |       0 |     506 |   0.0 |       0 |      20 |   0.0 |   754
           D:6 |       0 |    2277 |   0.0 |       0 |      46 |   0.0 |  1195
           D:7 |       0 |    1709 |   0.0 |       0 |      22 |   0.0 |  1307
           D:8 |       0 |    1156 |   0.0 |       0 |      14 |   0.0 |   807
           D:9 |       0 |    4992 |   0.0 |       0 |      39 |   0.0 |  2119
          D:10 |       0 |    3516 |   0.0 |       0 |      36 |   0.0 |  1389
          D:11 |       0 |    4088 |   0.0 |       0 |      64 |   0.0 |  1537
          D:12 |       0 |    4484 |   0.0 |       0 |      35 |   0.0 |   883
          D:13 |       0 |   15313 |   0.0 |       0 |      54 |   0.0 |  1132
          D:14 |       0 |    9097 |   0.0 |       0 |      26 |   0.0 |  1277
          D:15 |       0 |   19007 |   0.0 |       0 |      47 |   0.0 |  1312
        Lair:1 |       0 |    8451 |   0.0 |       0 |      37 |   0.0 |   978
        Lair:2 |       0 |   10187 |   0.0 |       0 |      33 |   0.0 |  1924
        Lair:3 |       0 |    8089 |   0.0 |       0 |      27 |   0.0 |  1276
        Lair:4 |       0 |    9918 |   0.0 |       0 |      40 |   0.0 |  2052
        Lair:5 |       0 |    6049 |   0.0 |       0 |      23 |   0.0 |  1394
        Lair:6 |       0 |   24251 |   0.0 |       0 |      69 |   0.0 |  2171
       Snake:1 |       0 |   15346 |   0.0 |       0 |      31 |   0.0 |  2215
       Snake:2 |       0 |   14482 |   0.0 |       0 |      27 |   0.0 |   795
       Snake:3 |       0 |   17870 |   0.0 |       0 |      23 |   0.0 |  1513
         Orc:1 |       0 |    5621 |   0.0 |       0 |      60 |   0.0 |  1913
         Orc:2 |       0 |    4210 |   0.0 |       0 |      53 |   0.0 |   830
           Lab |       0 |    1144 |   0.0 |       0 |       1 |   0.0 |   594
       Volcano |       0 |    4633 |   0.0 |       0 |       8 |   0.0 |   489
               +---------+---------+-------+---------+---------+-------+---------
